 Dungeon Crawl Stone Soup version 0.18.1-2-ga659475 (webtiles) character file.

102 shmeve the Chopper (level 4, 0/41 HPs)
             Began as a Minotaur Berserker on May 7, 2016.
             Was a Believer of Trog.
             Succumbed to Robin's poison
             ... on level 2 of the Dungeon.
             The game lasted 00:03:39 (1326 turns).

shmeve the Chopper (Minotaur Berserker)             Turns: 1326, Time: 00:03:39

Health: 0/41       AC: 10    Str: 21    XL:     4   Next: 49%
Magic:  3/3        EV:  8    Int:  5    God:    Trog [**....]
Gold:   54         SH:  0    Dex: 10    Spells: 0 memorised, 3 levels left

rFire  . . .     SeeInvis .     a - +0 hand axe
rCold  . . .     Gourm    .     m - +0 chain mail
rNeg   . . .     Faith    .     (no shield)
rPois  .         Spirit   .     (helmet restricted)
rElec  .         Dismiss  .     g - +0 cloak
rCorr  .         Reflect  .     (no gloves)
SustAt .         Harm     .     (no boots)
MR     ++...                    (no amulet)
Stlth  ..........               (no ring)
                                (no ring)

@: lethally poisoned (0 -> -2), regenerating, very resistant to hostile
enchantments, extremely unstealthy
A: retaliatory headbutt, horns 2
a: Berserk, Trog's Hand, Burn Spellbooks, Renounce Religion


You were on level 2 of the Dungeon.
You worshipped Trog.
Trog was pleased with you.
You were not hungry.

You visited 1 branch of the dungeon, and saw 2 of its levels.

You collected 54 gold pieces.

Inventory:

Hand Weapons
 a - a +0 hand axe (weapon)
Armour
 g - a +0 cloak (worn)
 m - a +0 chain mail (worn)
Jewellery
 o - a cursed -2 ring of dexterity {unknown}
Scrolls
 b - a scroll of noise {unknown}
 d - a scroll of magic mapping {unknown}
 h - 3 scrolls of remove curse {unknown}
 j - a scroll of recharging {unknown}
 k - 3 scrolls of identify {unknown}
 l - a scroll of fog {unknown}
 n - a scroll of random uselessness {unknown}
Potions
 e - a potion of agility {unknown}
Comestibles
 c - 2 bread rations
 f - a beef jerky
 i - 4 fruits


   Skills:
 * Level 4.4 Fighting
 * Level 4.6 Axes
 + Level 1.3 Throwing
 + Level 3.2 Armour
 + Level 2.6 Dodging


You had 3 spell levels left.
You didn't know any spells.

Dungeon Overview and Level Annotations

Branches:
Dungeon (2/15)

Altars:
Zin


Innate Abilities, Weirdness & Mutations

You reflexively headbutt those who attack you in melee.
You have a pair of horns on your head.


Message History

You feel slightly more hungry.
* * * LOW HITPOINT WARNING * * *
You feel sick. The goblin hits you but does no damage.
You closely miss the goblin.
The goblin is moderately wounded.
* * * LOW HITPOINT WARNING * * *
You feel very sick. The goblin hits you but does no damage.
You slash the goblin!
You kill the goblin!
Trog accepts your kill.
* * * LOW HITPOINT WARNING * * *
You feel sick.
* * * LOW HITPOINT WARNING * * *
You feel sick.
Items here: ! ) [[ † a whip of venom; an animal skin; a shiny helmet; a fuming silvery potion the hobgoblin corpse of Robin
There is a lethal amount of poison in your body!
You die...

................).
###.#.#.#.######..
###.#........... .
..#.#.#######. ..
.....#.#.......
...###########.#.#.#####.
........)...##.#.#.#####.
........)()('...........>
........@.).##.#.#.######
............##.#.#.......
............##.#.########
...###########+#.. ......
.. .## ###### . .


There were no monsters in sight!

Vanquished Creatures
  Ijyb (D:2)
  Robin (D:2)
  An ooze (D:1)
  A dart slug (D:1)
  2 giant geckos (D:2)
  5 giant cockroaches
  10 goblins
  10 hobgoblins
  2 jackals (D:1)
  3 kobolds
  7 bats
  4 giant newts
  8 rats
55 creatures vanquished.

Notes
Turn   | Place    | Note
--------------------------------------------------------------
     0 | D:1      | shmeve the Minotaur Berserker began the quest for the Orb.
     0 | D:1      | Reached XP level 1. HP: 19/19 MP: 0/0
    78 | D:1      | Reached XP level 2. HP: 12/27 MP: 1/1
   524 | D:1      | Reached ** piety under Trog
   524 | D:1      | Reached XP level 3. HP: 32/33 MP: 2/2
   843 | D:2      | Noticed Ijyb
   845 | D:2      | Paralysed by Ijyb for 3 turns
   852 | D:2      | Killed Ijyb
   852 | D:2      | Reached skill level 1 in Throwing
   852 | D:2      | Reached XP level 4. HP: 34/40 MP: 3/3
  1018 | D:2      | Found a glowing silver altar of Zin.
  1308 | D:2      | Noticed Robin
  1319 | D:2      | Killed Robin
  1323 | D:2      | HP: 2/41 [poisoned by Robin]
  1326 | D:2      | Succumbed to Robin's poison

Skill      XL: |  1  2  3 |
---------------+----------+-----
Fighting       | 4 |  4.4
Axes           | 4 |  4.6
Armour         | 3 |  3.2
Throwing       | 1 |  1.3
Dodging        | |  2.6

Action                   |  1- 3 |  4- 6 || total
-------------------------+-------+-------++-------
Melee: Hand axe          |    61 |    45 ||   106
       Headbutt          |    10 |     8 ||    18
Invok: Berserk           |     1 |       ||     1
       Trog's Hand       |       |     1 ||     1
  Eat: Chunk             |       |     2 ||     2
Armor: Animal skin       |    27 |       ||    27
       Chain mail        |       |    41 ||    41
Dodge: Dodged            |    49 |    20 ||    69
